 Dungeon Crawl Stone Soup version 0.17.0-28-g6e173f8 (webtiles) character file.

107 Goldry the Shield-Bearer (level 4, -6/40 HPs)
             Began as a Minotaur Fighter on Nov 30, 2015.
             Mangled by a worm (8 damage)
             ... on level 3 of the Dungeon.
             The game lasted 00:26:05 (2200 turns).

Goldry the Shield-Bearer (Minotaur Fighter)         Turns: 2200, Time: 00:26:05

Health: -6/40      AC: 11    Str: 22    XL:     4   Next: 57%
Magic:  3/3        EV:  6    Int:  5    God:
Gold:   110        SH: 10    Dex:  9    Spells: 0 memorised, 3 levels left

rFire  . . .     SeeInvis .     x - -3 hunting sling (curse)
rCold  + . .     Clarity  .     s - +0 chain mail
rNeg   . . .     SustAt   +     c - +0 shield
rPois  .         Gourm    .     (helmet restricted)
rElec  .         Spirit   .     (no cloak)
rCorr  .         Warding  .     (no gloves)
rMut   .         Stasis   .     t - +1 pair of boots
MR     .....                    (no amulet)
Stlth  ..........               u - ring of sustain attributes
                                p - ring of protection from cold

@: not resistant to hostile enchantments, extremely unstealthy
A: retaliatory headbutt, horns 2
a: no special abilities


You were on level 3 of the Dungeon.
You were not hungry.

You visited 1 branch of the dungeon, and saw 3 of its levels.

You collected 110 gold pieces.

Inventory:

Hand Weapons
 a - a +0 long sword
 g - a +0 club
 h - a +0 hand axe
 l - a +0 hunting sling
 m - a +0 short sword
 q - a +0 mace
 r - a +0 dagger of speed
 v - a -1 dagger
 x - a cursed -3 hunting sling (weapon)
 y - a +0 mace
Missiles
 j - 11 arrows
 w - 50 stones (quivered)
Armour
 b - a +0 scale mail
 c - a +0 shield (worn)
 f - a +0 robe
 i - a +0 ring mail
 s - a +0 chain mail (worn)
 t - a +1 pair of boots (worn)
Jewellery
 p - a ring of protection from cold (left hand)
 u - a ring of sustain attributes (right hand)
Scrolls
 o - a scroll of teleportation
Potions
 d - a potion of might
 n - a potion of agility
Comestibles
 e - a bread ration
 k - a meat ration


   Skills:
 + Level 4.1 Fighting
 + Level 2.4 Long Blades
 + Level 0.9 Slings
 + Level 4.4 Armour
 + Level 1.5 Dodging
 + Level 4.9 Shields


You had 3 spell levels left.
You didn't know any spells.

Dungeon Overview and Level Annotations

Branches:
Dungeon (3/15)

Altars:
Fedhas
Vehumet


Innate Abilities, Weirdness & Mutations

You reflexively headbutt those who attack you in melee.
You have a pair of horns on your head.


Message History

You clumsily bash the worm but do no damage.
Your headbutt misses the worm.
The worm is severely wounded.
The worm bites you!
* * * LOW HITPOINT WARNING * * *
You clumsily bash the worm but do no damage.
You headbutt the worm.
The worm is severely wounded.
You feel sick. The worm bites you.
* * * LOW HITPOINT WARNING * * *
Your shield and chain mail prevent you from hitting the worm.
You headbutt the worm, but do no damage.
The worm is severely wounded.
The worm bites you but does no damage.
You barely miss the worm. You headbutt the worm.
The worm is severely wounded.
You feel sick.
You are no longer poisoned.
The worm bites you!
You die...

#...###......#....####....
+... #......#....# #.....
#.. ####.###....# #.....
.. #.# #....# #.#
#....######### #.#
#....#........
#.###....#........
#.......##........
#######@##......##
#w##......#⌠
#.#g.%......##
#...._........
#........####+
#............
#....8.....##
............#
####.......#.#


You could see a worm and a hobgoblin.

Vanquished Creatures
  Ijyb (D:2)
  2 adders
  An ooze (D:1)
  3 giant geckos
  4 ball pythons
  8 bats
  A giant cockroach (D:1)
  11 goblins
  5 hobgoblins
  8 kobolds
  A quokka (D:3)
  4 giant newts (D:1)
  6 rats
55 creatures vanquished.

Notes
Turn   | Place    | Note
--------------------------------------------------------------
     0 | D:1      | Goldry the Minotaur Fighter began the quest for the Orb.
     0 | D:1      | Reached XP level 1. HP: 19/19 MP: 0/0
   111 | D:1      | Reached XP level 2. HP: 25/27 MP: 1/1
   119 | D:1      | Reached skill level 4 in Shields
   746 | D:1      | Reached XP level 3. HP: 33/33 MP: 2/2
  1134 | D:2      | Noticed Ijyb
  1159 | D:2      | HP: 1/33 [goblin/club (2)]
  1171 | D:2      | Killed Ijyb
  1171 | D:2      | Reached skill level 1 in Dodging
  1171 | D:2      | Reached XP level 4. HP: 9/40 MP: 3/3
  2148 | D:3      | Found a blossoming altar of Fedhas.
  2167 | D:3      | Found a radiant altar of Vehumet.
  2198 | D:3      | HP: 2/40 [worm (4)]
  2200 | D:3      | Mangled by a worm

Action                   |  1- 3 |  4- 6 || total
-------------------------+-------+-------++-------
Melee: Long sword        |     7 |       ||     7
       Hand axe          |    44 |       ||    44
       Dagger            |    14 |       ||    14
       Hunting sling     |    47 |    58 ||   105
 Fire: Hunting sling     |    13 |    24 ||    37
  Use: Scroll            |     3 |     3 ||     6
       Potion            |     3 |       ||     3
 Stab: Invisible         |     2 |       ||     2
  Eat: Bread ration      |     1 |       ||     1
